 Dungeon Crawl Stone Soup version 0.30.0-29-ga12c61a403 (webtiles) character file.

Game seed: 15549141105981254431

23 qw the Shield-Bearer (level 2, -4/19 HPs)
             Began as a Gargoyle Fighter on June 4, 2023.
             Slain by Terence
             ... wielding a +2 mace of draining
              (7 damage)
             ... on level 2 of the Dungeon.
             The game lasted 00:00:26 (880 turns).

qw the Shield-Bearer (Gargoyle Fighter)              Turns: 880, Time: 00:00:27

Health: -4/19      AC:  9    Str: 19    XL:     2   Next: 95%
Magic:  0/2        EV:  9    Int:  8    God:
Gold:   14         SH:  4    Dex:  9    Spells: 1/1 levels left

rFire   . . .        Y - +0 war axe
rCold   . . .        c - +0 buckler
rNeg    + . .        b - +0 scale mail
rPois   inf          (no helmet)
rElec   +            (no cloak)
rCorr   .            (no gloves)
SInv    .            (no boots)
Will    .....        l - amulet of guardian spirit Stlth
                     (no ring)
HPRegen 0.23/turn    (no ring)
MPRegen 0.08/turn

%: guardian spirit
@: no status effects
A: sickness immunity, AC +2, negative energy resistance 1, electricity
resistance, torment resistance 1, petrification resistance
a: no special abilities


You were on level 2 of the Dungeon.
You visited 1 branch of the dungeon, and saw 2 of its levels.

You collected 14 gold pieces.


Innate Abilities, Weirdness & Mutations

You are immune to sickness and miasma.
Your stone body is resilient. (AC +2)
You are immune to poison.
You resist negative energy. (rN+)
You are resistant to electric shocks. (rElec)
You are resistant to unholy torment.
You are immune to petrification.


   Skills:
 - Level 3.2 Fighting
 + Level 3.0 Axes
 - Level 3.2 Armour
 - Level 3.2 Shields


You had one spell level left.
You didn't know any spells.
Your spell library was empty.

Inventory:

Hand Weapons
 g - a +0 flail
 Y - a +0 war axe (weapon)
Armour
 b - a +0 scale mail (worn)
 c - a +0 buckler (worn)
Jewellery
 l - an amulet of guardian spirit (around neck)
Potions
 d - a potion of might
 e - a potion of cancellation {unknown}
 f - a potion of resistance
 m - a potion of brilliance {unknown}

Dungeon Overview and Level Annotations

Branches:
Dungeon (2/15)

Altars:

Annotations:
D:2 Terence


Message History

The bat completely misses you.
Terence the Incautious comes into view.
He is wielding a +2 mace of draining and wearing a +3 scale mail of willpower.
The bat hits you but does no damage.
You slash the hobgoblin!
You kill the hobgoblin!
You block the bat's attack.
A worm comes into view.
870 ||| Stepping ~*~*~tactically~*~*~ (stealth).
The bat hits you but does no damage. The bat barely misses you.
You barely miss Terence. You block Terence's attack. Terence barely misses you.
You slash Terence!
Terence is heavily wounded.
Terence hits you with a +2 mace of draining.
You closely miss Terence.
Terence is heavily wounded.
You block Terence's attack.
Terence hits you with a +2 mace of draining.
You closely miss Terence.
Terence is heavily wounded.
Terence hits you with a +2 mace of draining!
You barely miss Terence.
Terence is heavily wounded.
Terence barely misses you.
You closely miss Terence.
Terence is heavily wounded.
Terence hits you with a +2 mace of draining.
Terence barely misses you.
You barely miss Terence.
Terence is heavily wounded.
Terence barely misses you.
You hit Terence.
Terence is heavily wounded.
Terence drinks a potion.
Terence is healed!
You completely miss Terence.
Terence is moderately wounded.
Terence hits you with a +2 mace of draining.
Terence hits you with a +2 mace of draining!
You die...

..............# ##
. ............ ...
..# ........ ...
...####...## #..
#......%#.###.#
####...#.#.#.#
#...##%#$#
######.#.###@#
##........##@#?#
..#.........#.#.#.#
......b<.....#
###.#
..............# #.w
##..............
.#.
................. #
. ##.............#.
#..............
#.............#


You could see Terence.

Vanquished Creatures
  A worm (D:2)
  5 ball pythons
  2 endoplasms (D:1)
  A giant cockroach (D:1)
  A goblin (D:1)
  A hobgoblin (D:2)
  A kobold (D:1)
  A bat (D:1)
  3 frilled lizards (D:1)
  4 rats (D:1)
20 creatures vanquished.

Notes
Turn   | Place    | Note
-------+----------+-------------------------------------------
     0 | D:1      | qw the Gargoyle Fighter began the quest for the Orb.
     0 | D:1      | Reached XP level 1. HP: 14/14 MP: 1/1
     0 | D:1      | 0 ||| qw: Version: 0.2-a-107-g4668610
     0 | D:1      | 0 ||| qw: Game counter: 1225
     0 | D:1      | 0 ||| qw: Always use a shield: true
     0 | D:1      | 0 ||| qw: God list: Okawaru
     0 | D:1      | 0 ||| qw: Allow faded altars: false
     0 | D:1      | 0 ||| qw: Do Orc after D:15 true
     0 | D:1      | 0 ||| qw: Do second Lair branch before Depths: true
     0 | D:1      | 0 ||| qw: Lair rune preference: random
     0 | D:1      | 0 ||| qw: Plans: Normal, Zot:1-4, Slime:5, God:TSO, Crypt,
                  | Tomb, Abyss, Pan, Hells, Win
     0 | D:1      | 0 ||| PLANNING D:1-11
   144 | D:1      | Reached XP level 2. HP: 19/19 MP: 2/2
   786 | D:1      | 786 ||| UPGRADING to amulet of guardian spirit.
   791 | D:1      | 791 ||| READING scroll labelled MAKLEO MOIGYT.
   792 | D:1      | 792 ||| READING scroll labelled PONIUL JOFUNNOA.
   793 | D:1      | 793 ||| READING scroll labelled PAIMNIABYM.
   794 | D:1      | 794 ||| READING scroll labelled EVAELU TEDWE.
   795 | D:1      | 795 ||| DRINKING 2 fizzy golden potions.
   858 | D:2      | Reached skill level 3 in Axes
   859 | D:2      | 859 ||| Stepping ~*~*~tactically~*~*~ (stealth).
   862 | D:2      | 862 ||| Stepping ~*~*~tactically~*~*~ (stealth).
   865 | D:2      | Noticed Terence
   870 | D:2      | 870 ||| Stepping ~*~*~tactically~*~*~ (stealth).
   877 | D:2      | HP: 4/19 [Terence/+2 mace of draining (4)]
   880 | D:2      | Slain by Terence

Levels and vault maps discovered:
D:1:      amcnicky_arrival_double_pillar, layout_basic
D:2:      layout_rooms, minmay_circle_x, uniq_terence, uniq_sigmund

Skill      XL: |  1  2 |
---------------+-------+-----
Axes           | 2 3 |  3.0
Fighting       | |  3.2
Armour         | |  3.2
Shields        | |  3.2

Action                     || total
---------------------------++-------
  Melee: War axe           ||    60
    Use: Scroll            ||     4
         Potion            ||     1
 Armour: Scale mail        ||    29
  Dodge: Dodged            ||    19
  Block: Buckler           ||    10

Table legend:
 A = Non-vault XP
 B = Vault XP
 C = Vault XP percentage of total XP
 D = Non-vault monster count
 E = Vault monster count
 F = Vault count percentage of total count
                 A         B        C        D         E       F
            +---------+---------+-------+---------+---------+-------
      Total |      27 |       6 |  18.2 |      17 |       3 |  15.0
            +---------+---------+-------+---------+---------+-------
        D:1 |      23 |       0 |   0.0 |      16 |       0 |   0.0
        D:2 |       4 |       6 |  60.0 |       1 |       3 |  75.0
            +---------+---------+-------+---------+---------+-------
